 Dungeon Crawl Stone Soup version 0.18-a0-1702-gd20c6a5 (webtiles) character file.

280 vev the Magician (level 6, -1/41 HPs)
             Began as a Vampire Venom Mage on Apr 7, 2016.
             Killed from afar by an orc wizard (7 damage)
             ... with a magic dart
             ... on level 4 of the Dungeon.
             The game lasted 00:04:27 (4137 turns).

vev the Magician (Vampire Venom Mage)               Turns: 4137, Time: 00:04:28

Health: -1/41      AC:  5    Str:  7 (9)  XL:     6   Next: 5%
Magic:  12/12      EV: 10    Int: 17 (18) God:
Gold:   161        SH:  0    Dex: 13 (16) Spells: 1 memorised, 12 levels left

rFire  + . .     SeeInvis +     j - +1 dagger (drain)
rCold  + + +     Gourm    .     c - +0 ring mail
rNeg   + + +     Faith    .     (no shield)
rPois  +         Spirit   .     (no helmet)
rElec  +         Dismiss  .     (no cloak)
rCorr  +         Reflect  .     (no gloves)
SustAt .         Harm     .     (no boots)
MR     .....                    (no amulet)
Stlth  +.........               (no ring)
                                e - +2 ring of dexterity

@: confused, resistant, regenerating slowly, slowed, very slow, not resistant to
hostile enchantments, very unstealthy
A: fangs 3, see invisible, unbreathing
a: Bat Form


You were on level 4 of the Dungeon.
You were near bloodless.

You visited 1 branch of the dungeon, and saw 4 of its levels.

You collected 161 gold pieces.

Inventory:

Hand Weapons
 j - a +1 dagger of draining (weapon)
Armour
 a - a +0 robe
 c - a +0 ring mail (worn)
 f - a +0 shield
Jewellery
 e - a +2 ring of dexterity (left hand)
Scrolls
 g - 2 scrolls of teleportation {unknown}
 h - a scroll of magic mapping {unknown}
 i - a scroll of enchant armour {unknown}
 k - 3 scrolls of remove curse {unknown}
 o - 3 scrolls of identify {unknown}
 q - a scroll of random uselessness {unknown}
 r - 3 scrolls of enchant weapon {unknown}
 w - a scroll of amnesia {unknown}
Potions
 l - a potion of agility {unknown}
 m - 2 potions of degeneration
 p - a potion of lignification {unknown}
 s - 4 potions of blood
 t - a potion of brilliance {unknown}
 u - a potion of heal wounds {unknown}
 v - a potion of curing {unknown}
Books
 b - a Young Poisoner's Handbook

   Spells                             Type                      Level
   a - Sting                          Conjuration/Poison           1
   b - Cure Poison                    Poison                       2
   c - Mephitic Cloud                 Conjuration/Poison/Air       3
   d - Olgreb's Toxic Radiance        Poison                       4
   e - Venom Bolt                     Conjuration/Poison           5


   Skills:
 + Level 3.6 Armour
 - Level 2.1 Dodging
 - Level 3.0 Stealth
 - Level 4.1 Spellcasting
 - Level 3.6 Poison Magic


You had 12 spell levels left.
You knew the following spells:

 Your Spells              Type           Power        Failure   Level  Hunger
a - Sting                 Conj/Pois      #...         28%         1    None


Dungeon Overview and Level Annotations

Branches:
Dungeon (4/15)             Temple (0/1) D:4

Altars:
Gozag
Kikubaaqudgha
Pakellas
Trog

Shops:
D:3 *

Annotations:
D:4 Sigmund


Innate Abilities, Weirdness & Mutations

You heal slowly.
You have razor-sharp teeth.
You have supernaturally acute eyesight.
You can survive without breathing.


Message History

Drink which item? (? for menu, Esc to quit)
It was a potion of degeneration.
There was something very wrong with that liquid.
You feel weakened.
You feel dopey.
You feel clumsy. The iguana bites you.
* * * LOW HITPOINT WARNING * * *
Drink which item? (? for menu, Esc to quit)
It was a potion of resistance.
You feel protected. The iguana closely misses you.
The orc hits you with a club.
* * * LOW HITPOINT WARNING * * *
The iguana barely misses you. The orc hits you with a club.
* * * LOW HITPOINT WARNING * * *
Drink which item? (? for menu, Esc to quit)
It was a potion of ambrosia.
You are confused.
You feel invigorated. The orc wizard barely misses you.
The orc wizard gestures at you while chanting.
The magic dart hits you!
You die...

#..... ... ##.......
...######.......#=.
...................
.................#
..........$.$............#
................o.......#
................ol.....#
................@oo...##
.............#####)..#..#
.............# ##...## .#
#........†...###...##
........%....##....#
.............#....##
.................##
#...............##
###.............#######


You could see an iguana, an orc wizard and 3 orcs.

Vanquished Creatures
  2 centaurs
  4 adders
  4 worms
  2 dart slugs (D:1)
  3 giant geckos
  7 bats
  3 giant cockroaches
  5 goblins
  6 hobgoblins
  5 jackals
  9 kobolds
  A quokka (D:2)
  5 giant newts
  5 rats
61 creatures vanquished.

Notes
Turn   | Place    | Note
--------------------------------------------------------------
     0 | D:1      | vev the Vampire Venom Mage began the quest for the Orb.
     0 | D:1      | Reached XP level 1. HP: 13/13 MP: 3/3
   301 | D:1      | Reached XP level 2. HP: 16/19 MP: 5/5
  1069 | D:1      | Reached skill level 3 in Spellcasting
  1133 | D:2      | Found an ancient bone altar of Kikubaaqudgha.
  1572 | D:2      | Reached XP level 3. HP: 14/24 MP: 7/7
  2186 | D:2      | Found an oddly glowing altar of Pakellas.
  2218 | D:2      | Noticed a moth of wrath
  2221 | D:2      | Found a bloodstained altar of Trog.
  2919 | D:2      | Reached skill level 4 in Spellcasting
  2919 | D:2      | Reached XP level 4. HP: 12/30 MP: 10/10
  3396 | D:3      | Noticed a centaur
  3400 | D:3      | Killed a centaur
  3400 | D:3      | Reached XP level 5. HP: 24/35 MP: 11/11
  3456 | D:3      | Found an opulent altar of Gozag.
  3458 | D:3      | Found Gozag's Platinum Reserve.
  3954 | D:4      | Noticed a centaur
  3966 | D:4      | Killed a centaur
  3966 | D:4      | Reached XP level 6. HP: 39/41 MP: 12/12
  4099 | D:4      | Found a staircase to the Ecumenical Temple.
  4099 | D:4      | Noticed Sigmund
  4136 | D:4      | HP: 2/41 [orc/club (2)]
  4137 | D:4      | Killed from afar by an orc wizard

Vault maps used:
D:1:      dpeg_arrival_stone_temple_mockup
D:2:      grunt_pakellas_basics, overflow_temple_1_default, first_bread,
          tgw_trog
D:3:      nicolae_gozag_zags_fifth_avenue
D:4:      old_standard_altar, temple_pool_b, portal_sewer_entry_b, uniq_sigmund

Skill      XL: |  1  2  3  4  5 |
---------------+----------------+-----
Spellcasting   | 3 4 |  4.1
Armour         | 2 3 |  3.6
Dodging        | |  2.1
Stealth        | |  3.0
Poison Magic   | |  3.6

Action                   |  1- 3 |  4- 6 || total
-------------------------+-------+-------++-------
Melee: Dagger            |    88 |    70 ||   158
       Unarmed           |     6 |       ||     6
 Cast: Sting             |    40 |       ||    40
  Use: Potion            |       |     5 ||     5
 Stab: Sleeping          |     3 |     4 ||     7
